AoeStats
← hightower_208

Arena

508870980Analyzed
2v2 RM · 8d ago on Sep 24, 2026· 37m 8s· 4 players
Game mode
Random Map
Map size
Medium (4 player)
Population
200
Speed
Normal
Resources
Standard
Victory
Conquest
Starting age
Dark Age
Ending age
Imperial Age
RankedLock teamsTeams togetherTeam positionsShared explorationLock speedFull tech treeHidden civsTurbo modeCheats
Victory
Defeat
🇩🇪 Varangians · Germany
1678
+13
🇩🇪 Bohemians · Germany
1660
+14
🇳🇱 Persians · Netherlands
1618
-14
🇦🇷 Saxons · Argentina
1602
-13
DS_Nacho_10
10:04 Feudal Age
11:50 Double-Bit Axe
14:09 Castle Age
12:29 Horse Collar
15:01 Bow Saw
15:50 Heavy Plow
20:27 Wheelbarrow
20:28 Stone Mining
20:58 Loom
23:03 Guard Tower
23:08 Fletching
25:53 Gold Mining
26:24 Hand Cart
25:54 Town Watch
32:16 Imperial Age
32:28 Imperial Age
30:02 Scale Mail Armor
30:57 Chain Mail Armor
30:53 Forging
30:45 Squires
33:03 Iron Casting
33:43 Plate Mail Armor
32:52 Elite Varangian Guard
36:16 Conscription
Arie
10:35 Feudal Age
11:33 Double-Bit Axe
14:02 Castle Age
12:34 Horse Collar
14:47 Bow Saw
18:37 Wheelbarrow
21:44 Heavy Plow
22:42 Hand Cart
22:15 Loom
22:16 Town Watch
26:42 Imperial Age
26:32 Scale Barding Armor
26:49 Ballistics
26:55 Bloodlines
26:32 Cavalier
28:21 Forging
29:19 Chemistry
28:42 Chain Barding Armor
30:43 Chain Barding Armor
33:12 Kamandaran
34:04 Plate Barding Armor
33:20 Fletching
33:46 Masonry
33:53 Husbandry
33:31 Crossbowman
34:16 Thumb Ring
34:40 Scale Mail Armor
35:15 Iron Casting
34:54 Squires
34:14 Pikeman
37:01 Chain Mail Armor
hightower_208
9:15 Feudal Age
12:53 Castle Age
11:09 Horse Collar
11:27 Double-Bit Axe
16:07 Bow Saw
19:46 Wheelbarrow
20:09 Horse Collar
21:03 Heavy Plow
21:46 Hand Cart
21:47 Loom
21:54 Town Watch
24:51 Gold Mining
28:47 Imperial Age
26:59 Bloodlines
26:15 Light Cavalry
27:32 Scale Barding Armor
27:51 Husbandry
28:55 Chain Barding Armor
28:56 Cavalier
31:32 Plate Barding Armor
31:09 Forging
30:41 Vendel Legacy
31:42 Conscription
34:06 Iron Casting
34:21 Caravan
35:50 Blast Furnace
34:40 Fletching
Mjoelnir
10:33 Feudal Age
14:15 Castle Age
12:33 Horse Collar
12:57 Double-Bit Axe
15:54 Fervor
16:06 Siphons
17:08 Chemistry
16:31 Loom
17:07 Fervor
21:55 Padded Archer Armor
27:29 Bow Saw
28:21 Leather Archer Armor
34:45 Imperial Age
32:51 Wheelbarrow
33:48 Heavy Plow
36:08 Wagenburg Tactics
38:18 Ring Archer Armor
Connection lost

Rejoining the realm…

Still unreachable

The connection could not be restored.

Session expired

The server has moved on; the page needs a fresh start.